 Dungeon Crawl Stone Soup version 0.25-b1-39-g0d900dab71 (webtiles) character file.

Game seed: 17090944670666706797

3186 diana the Fighter (level 9, -6/74 HPs)
             Began as a Demonspawn Berserker on June 7, 2020.
             Was an Elder of Trog.
             Killed from afar by an electric eel (15 damage)
             ... with a bolt of electricity
             ... on level 8 of the Dungeon.
             The game lasted 00:09:29 (9236 turns).

diana the Fighter (Demonspawn Berserker)            Turns: 9236, Time: 00:09:31

Health: -6/74      AC: 11    Str: 20    XL:     9   Next: 64%
Magic:  9/9        EV: 12    Int:  9    God:    Trog [****..]
Gold:   315        SH:  0    Dex: 13    Spells: 8/8 levels left

rFire    . . .     SeeInvis .   s - +1 broad axe (flame)
rCold    . . .     Gourm    .   (no shield)
rNeg     . . .     Faith    .   d - +0 scale mail
rPois    .         Spirit   .   (no helmet)
rElec    .         Reflect  .   (no cloak)
rCorr    +         Harm     .   (no gloves)
MR       ++...                  e - +0 pair of boots
Stlth    ..........             (no amulet)
HPRegen  1.22/turn              k - ring of resist corrosion
MPRegen  0.11/turn              (no ring)

@: regenerating
A: thin metallic scales 1, demonic guardian 2, foul stench 1, rot immunity
a: Berserk, Trog's Hand, Brothers in Arms, Renounce Religion


You were on level 8 of the Dungeon.
You worshipped Trog.
Trog was greatly pleased with you.
You were not hungry.

You visited 2 branches of the dungeon, and saw 9 of its levels.

You collected 455 gold pieces.
You spent 140 gold pieces at shops.

Inventory:

Hand Weapons
 s - a +1 broad axe of flaming (weapon)
Armour
 d - a +0 scale mail (worn)
 e - a +0 pair of boots (worn)
Jewellery
 k - a ring of resist corrosion (left hand)
Wands
 j - a wand of flame (26)
 u - a wand of enslavement (9)
 C - a wand of paralysis (8)
Scrolls
 a - a scroll of noise {unknown}
 f - 10 scrolls of identify {unknown}
 h - 2 scrolls of fear {unknown}
 i - 3 scrolls of remove curse {unknown}
 l - 3 scrolls of immolation {unknown}
 m - 4 scrolls of enchant weapon {unknown}
 n - 5 scrolls of teleportation {unknown}
 t - a scroll of amnesia {unknown}
 v - 2 scrolls of magic mapping {unknown}
 w - 2 scrolls of blinking {unknown}
 y - a scroll of acquirement {unknown}
 A - a scroll of random uselessness {unknown}
Potions
 b - 4 potions of stabbing {unknown}
 g - 2 potions of flight {unknown}
 o - 4 potions of haste
 p - 2 potions of heal wounds {unknown}
 q - 2 potions of curing {unknown}
 r - a potion of brilliance {unknown}
 x - 2 potions of cancellation {unknown}
 z - a potion of degeneration {unknown}
Comestibles
 c - 11 rations
 B - 6 chunks of flesh


   Skills:
 + Level 8.1 Fighting
 + Level 7.3 Axes
 + Level 7.1 Armour
 - Level 4.1 Dodging


You had 8 spell levels left.
You didn't know any spells.
Your spell library was empty.

Dungeon Overview and Level Annotations

Branches:
Dungeon (8/15)             Temple (1/1) D:6
   Lair: D:8-11

Altars:
Ashenzari
Cheibriados
Dithmenos
Elyvilon
Fedhas
Gozag
Hepliaklqana
Kikubaaqudgha
Makhleb
Nemelex Xobeh
Okawaru
Qazlal
Ru
Sif Muna
Trog
Uskayaw
Vehumet
Wu Jian
Xom
Yredelemnul
Zin
The Shining One

Shops:
D:4 (

Annotations:
D:3 1 runed translucent door, Crazy Yiuf
D:7 2 transporters, Lobotomite's ghost, novice DDHu


Innate Abilities, Weirdness & Mutations

You are partially covered in thin metallic scales. (AC +2)
A demonic guardian rushes to your aid.
You may emit foul miasma when damaged in melee.
You are immune to rotting.


Message History

The bolt of electricity hits you.
* * * LOW HITPOINT WARNING * * *
Your smoke demon gestures at the wolf.
The sticky flame hits the hound!
The hound is covered in liquid flames!
The wolf bites you.
* * * LOW HITPOINT WARNING * * *
You emit a cloud of foul miasma!
The hound bites your smoke demon.
The hound burns!
The hound dies!
Trog accepts your kill.
The wolf is engulfed in dark miasma.
The wolf is poisoned.
The electric eel shoots out a bolt of lightning at you!
The bolt of electricity hits you.
* * * LOW HITPOINT WARNING * * *
Your smoke demon misses the wolf.
Your smoke demon closely misses the wolf. x2
The wolf bites you but does no damage.
The electric eel shoots out a bolt of lightning at you!
The bolt of electricity hits you!
You die...

#.≈≈≈≈≈≈....≈
#.≈≈≈≈;.≈.≈g≈
#.≈≈≈≈≈≈≈g≈≈≈
#...≈;≈≈≈≈≈≈≈
###....≈≈≈≈g.≈.
......≈≈.≈≈≈≈.≈
#....≈Z.≈.≈..
#..≈.hT:..≈..
#...@3)......
#.#####.#.###
#.# ..... #.#
#.# # #.# .#
#.# # # #.# #
##########.# #
#........#.#


You could see a troll, a wolf (poisoned), 2 electric eels, 3 gnolls, a wyvern
zombie and a friendly smoke demon (summoned).

Vanquished Creatures
  A two-headed ogre (D:8)
  2 black bears
  An ice beast (D:5)
  An eye of draining (D:8)
  A sky beast (D:7)
  An ogre (D:5)
  A phantom (D:4)
  A wolf (D:8)
  2 centaurs
  A crocodile (D:8)
  4 bullfrogs
  2 scorpions (D:6)
  A howler monkey (D:6)
  A jelly (D:6)
  A bullfrog zombie (D:8)
  3 crimson imps
  An orc priest (D:4)
  3 hounds
  4 orc wizards
  Jessica (D:3)
  2 iguanas
  3 worker ants
  A hound skeleton (D:4)
  12 adders
  A shadow imp (D:6)
  An adder zombie (D:5)
  5 adder skeletons
  9 worms
  A dart slug (D:1)
  2 leopard geckos
  18 orcs
  8 giant cockroaches
  6 goblins
  8 hobgoblins
  7 jackals
  4 quokkas
  9 bats
  5 frilled lizards
  A jackal skeleton (D:6)
  7 kobolds
  A quokka skeleton (D:5)
  2 quokka zombies
  11 rats
  2 fungi (D:3)
159 creatures vanquished.

Vanquished Creatures (collateral kills)
  A hippogriff (D:8)
  A necrophage (D:7)
  2 ice beasts
  An ogre (D:4)
  A centaur (D:7)
  2 wolves (D:8)
  A bullfrog (D:7)
  A howler monkey (D:4)
  2 hounds (D:8)
  An orc wizard (D:4)
  A leopard gecko (D:5)
  A goblin (D:3)
  A quokka (D:7)
16 creatures vanquished.

Grand Total: 175 creatures vanquished

Notes
Turn   | Place    | Note
-------+----------+-------------------------------------------
     0 | D:1      | diana the Demonspawn Berserker began the quest for the Orb.
     0 | D:1      | Reached XP level 1. HP: 18/18 MP: 1/1
   324 | D:1      | Gained mutation: A weak demonic guardian rushes to your
                  | aid. [demonic ancestry]
   324 | D:1      | Reached XP level 2. HP: 23/24 MP: 2/2
  1387 | D:1      | Gained mutation: You are partially covered in thin metallic
                  | scales. (AC +2) [demonic ancestry]
  1387 | D:1      | Reached XP level 3. HP: 14/29 MP: 3/3
  1413 | D:1      | HP: 2/43 [poisoned by an adder]
  2008 | D:2      | Reached ** piety under Trog
  2437 | D:2      | Reached XP level 4. HP: 22/36 MP: 4/4
  2652 | D:2      | Found a white marble altar of Elyvilon.
  2654 | D:2      | Found an iron altar of Okawaru.
  2884 | D:2      | Found a glowing golden altar of the Shining One.
  2885 | D:2      | Found a bloodstained altar of Trog.
  3025 | D:2      | Found a sacrificial altar of Ru.
  3368 | D:3      | Noticed Jessica
  3610 | D:3      | Killed Jessica
  3622 | D:3      | Gained mutation: You are immune to rotting. [demonic
                  | ancestry]
  3622 | D:3      | Reached XP level 5. HP: 39/42 MP: 5/5
  3673 | D:3      | Reached *** piety under Trog
  3922 | D:3      | Reached skill level 4 in Fighting
  4190 | D:2      | Found an ornate altar of the Wu Jian Council.
  4267 | D:3      | Found a runed translucent door.
  4268 | D:3      | Noticed Crazy Yiuf
  4577 | D:4      | Noticed a black bear
  4595 | D:4      | Killed a black bear
  4595 | D:4      | Reached XP level 6. HP: 25/48 MP: 6/6
  4937 | D:4      | Found Acaoma's Antique Weapon Shop.
  5146 | D:4      | Reached XP level 7. HP: 43/55 MP: 7/7
  5453 | D:4      | Found a sparkling altar of Nemelex Xobeh.
  5625 | D:5      | Entered Level 5 of the Dungeon
  5638 | D:5      | Reached skill level 5 in Fighting
  6187 | D:4      | Bought a glowing broad axe for 140 gold pieces
  6325 | D:5      | Reached **** piety under Trog
  6325 | D:5      | Reached skill level 5 in Axes
  6375 | D:5      | Gained mutation: You may emit foul miasma when damaged in
                  | melee. [demonic ancestry]
  6375 | D:5      | Reached XP level 8. HP: 64/64 MP: 8/8
  7011 | D:6      | Found a staircase to the Ecumenical Temple.
  7016 | D:6      | Reached skill level 5 in Armour
  7024 | D:6      | Reached skill level 6 in Fighting
  7285 | Temple   | Entered the Ecumenical Temple
  8025 | D:6      | Found a shimmering blue altar of Sif Muna.
  8303 | D:7      | Noticed Lobotomite's ghost (novice DDHu)
  8459 | D:7      | Found a transporter.
  8468 | D:7      | Reached skill level 7 in Fighting
  8504 | D:7      | Gained mutation: A demonic guardian rushes to your aid.
                  | [demonic ancestry]
  8504 | D:7      | Reached XP level 9. HP: 68/72 MP: 9/9
  8676 | D:7      | Found a transporter.
  9218 | D:8      | Noticed a two-headed ogre
  9224 | D:8      | Killed a two-headed ogre
  9224 | D:8      | Reached skill level 8 in Fighting
  9228 | D:8      | Noticed a troll
  9236 | D:8      | Killed from afar by an electric eel

Illustrated notes

Levels and vault maps discovered:
D:1:      eino_arrival_water_cross, layout_basic, chequers_hall_statues_wall_a
D:2:      layout_basic, tso_altar, nicolae_overflow_hidden_temple,
          minmay_misc_feat_alley
D:3:      layout_rooms, uniq_jessica, uniq_crazy_yiuf_cottage
D:4:      layout_loops_ring, serial_shops, nicolae_shop_trees,
          nemelex_spade_bored_becter
D:5:      layout_basic, first_ration, minmay_fountain_box
D:6:      layout_gridville, overflow_temple_1_default, minmay_temple_entry_grid
D:7:      layout_rooms, gammafunk_ghost_stat_death
D:8:      layout_loops_ring, erik_lair_island
Temple:   regret_index_temple_waves

Skill      XL: |  1  2  3  4  5  6  7  8  9 |
---------------+----------------------------+-----
Armour         | 2 3 4 6 7 |  7.1
Dodging        | 2 3 4 |  4.1
Axes           | 3 4 5 6 7 |  7.3
Fighting       | 4 5 7 8 |  8.1

Action                   |  1- 3 |  4- 6 |  7- 9 || total
-------------------------+-------+-------+-------++-------
Melee: Hand axe          |   158 |   260 |   183 ||   601
       Broad axe         |       |       |   203 ||   203
Invok: Berserk           |     1 |       |       ||     1
       Trog's Hand       |       |       |     1 ||     1
Evoke: Wand              |       |     1 |       ||     1
  Use: Potion            |     1 |       |       ||     1
  Eat: Chunk             |     6 |     9 |    10 ||    25
       Ration            |       |       |     1 ||     1
Armor: Animal skin       |    13 |       |       ||    13
       Scale mail        |    38 |   130 |   194 ||   362
Dodge: Dodged            |   109 |   159 |   244 ||   512
